 Dungeon Crawl Stone Soup version 0.30-a0-377-g5cb311bc9f (webtiles) character file.

Game seed: 16641082339520610831

1598 lokiplouj the Trooper (level 8, 0/73 HPs)
             Began as a Minotaur Berserker on Nov 29, 2022.
             Was a Believer of Trog.
             Slain by a jelly (3 damage)
             ... on level 6 of the Dungeon.
             The game lasted 00:05:33 (5662 turns).

lokiplouj the Trooper (Minotaur Berserker)          Turns: 5662, Time: 00:05:33

Health: 0/73       AC: -8    Str: 25    XL:     8   Next: 62%
Magic:  7/7        EV: 12    Int:  4    God:    Trog [**....]
Gold:   298        SH:  0    Dex:  9    Spells: 7/7 levels left

rFire   + . .      SeeInvis .    a - +0 hand axe
rCold   . . .      Faith    .    (no shield)
rNeg    . . .      Spirit   .    z - +0 ring mail
rPois   .          Reflect  .    (helmet restricted)
rElec   .          Harm     .    (no cloak)
rCorr   .          Rampage  .    y - +0 pair of gloves
Will    +....                    (no boots)
Stlth   ..........               (no amulet)
HPRegen 0.32/turn                k - ring of willpower
MPRegen 0.10/turn                q - ring of protection from fire

@: corroded
A: horns 2, retaliatory headbutt
a: Renounce Religion, Berserk, Trog's Hand


You were on level 6 of the Dungeon.
You worshipped Trog.
Trog was pleased with you.
You visited 1 branch of the dungeon, and saw 6 of its levels.

You collected 298 gold pieces.

Inventory:

Hand Weapons
 a - a +0 hand axe (weapon)
Armour
 b - a +0 animal skin
 y - a +0 pair of gloves (worn)
 z - a +0 ring mail (worn)
Jewellery
 k - a ring of willpower (left hand)
 q - a ring of protection from fire (right hand)
Wands
 s - a wand of mindburst (9) (quivered)
Scrolls
 c - 6 scrolls of identify
 e - 4 scrolls of teleportation {unknown}
 g - 2 scrolls of enchant weapon {unknown}
 h - 2 scrolls of brand weapon {unknown}
 i - a scroll of blinking {unknown}
 t - 4 scrolls of fear {unknown}
 x - a scroll of butterflies
Potions
 d - 2 potions of haste {unknown}
 f - 3 potions of attraction {unknown}
 j - 5 potions of curing {unknown}
 l - 2 potions of magic {unknown}
 m - a potion of might {unknown}
 n - a potion of brilliance {unknown}
 o - 4 potions of mutation {unknown}
 p - 2 potions of flight {unknown}
 r - a potion of heal wounds {unknown}
 u - 3 potions of invisibility {unknown}
 v - a potion of berserk rage {unknown}
 w - a potion of ambrosia {unknown}


   Skills:
 + Level 7.5 Fighting
 + Level 7.5 Axes
 + Level 6.9 Armour
 + Level 6.3 Dodging


You had 7 spell levels left.
You didn't know any spells.
Your spell library was empty.

Dungeon Overview and Level Annotations

Branches:
Dungeon (6/15)             Temple (0/1) D:6

Altars:

Shops:
D:3 :   D:4 ((

Annotations:
D:6 2 transporters, McGhostyFace's ghost, novice GnWn


Innate Abilities, Weirdness & Mutations

You have a pair of horns on your head.
You reflexively headbutt those who attack you in melee.


Message History

Your headbutt misses the jelly.
The jelly is heavily wounded.
The jelly closely misses you.
A jelly is nearby!
You hit the jelly but do no damage.
Your hands burn!
The jelly is heavily wounded.
The jelly hits you.
You are splashed with acid!
A jelly is nearby!
You are too injured to fight recklessly!
A jelly is nearby!
You hit the jelly but do no damage.
Your hands burn!
* * * LOW HITPOINT WARNING * * *
You headbutt the jelly, but do no damage.
The jelly is heavily wounded.
The jelly barely misses you.
You hit the jelly but do no damage.
Your hands burn!
* * * LOW HITPOINT WARNING * * *
The jelly is heavily wounded.
The jelly barely misses you.
You slash the jelly!
Your hands burn!
* * * LOW HITPOINT WARNING * * *
The jelly is severely wounded.
The jelly hits you.
* * * LOW HITPOINT WARNING * * *
You are splashed with acid.
* * * LOW HITPOINT WARNING * * *
You hit the jelly but do no damage.
Your hands burn!
* * * LOW HITPOINT WARNING * * *
The jelly is severely wounded.
The jelly barely misses you.
You completely miss the jelly.
You headbutt the jelly, but do no damage.
The jelly is severely wounded.
The jelly completely misses you.
You hit the jelly but do no damage. The acid corrodes you!
Your hands burn!
* * * LOW HITPOINT WARNING * * *
You headbutt the jelly, but do no damage.
The jelly is severely wounded.
The jelly hits you.
You die...

##### ######
########...# ##....#
#........#.# ......#
#.#........#
.#....###.#.####@.##
.###........#..J#..#
............#$..
..!.#
####.....####...
.##.# #.....# ##.#
.⌠ ..# #.....# .. ..
... #..#### ... .##
#. #... ... .# ##.#


You could see a jelly.

Vanquished Creatures
  4 yaks
  An ice beast (D:6)
  2 black bears (D:5)
  A centaur (D:6)
  A scorpion (D:5)
  A howler monkey (D:4)
  3 orc priests
  3 hounds
  A jelly (D:5)
  7 iguanas
  3 orc wizards (D:5)
  3 adders
  3 white imps
  An ufetubus (D:5)
  A worm (D:5)
  A dart slug (D:1)
  11 orcs
  4 ball pythons
  5 bats
  3 endoplasms
  A giant cockroach (D:1)
  A goblin (D:4)
  4 hobgoblins
  3 jackals (D:5)
  A quokka (D:4)
  3 frilled lizards
  7 kobolds
  4 rats
83 creatures vanquished.

Notes
Turn   | Place    | Note
-------+----------+-------------------------------------------
     0 | D:1      | lokiplouj the Minotaur Berserker began the quest for the
                  | Orb.
     0 | D:1      | Reached XP level 1. HP: 19/19 MP: 0/0
   385 | D:1      | Reached XP level 2. HP: 27/27 MP: 1/1
  1834 | D:3      | Reached XP level 3. HP: 31/33 MP: 2/2
  1916 | D:3      | Reached XP level 4. HP: 9/41 MP: 3/3
  2124 | D:3      | Found Imour's Book Boutique.
  2647 | D:4      | Found Umothrig's Weapon Shop.
  2768 | D:4      | Found Xila's Antique Weapon Emporium.
  2775 | D:4      | Reached ** piety under Trog
  2779 | D:4      | Reached XP level 5. HP: 27/47 MP: 4/4
  3213 | D:5      | Entered Level 5 of the Dungeon
  3233 | D:5      | Reached skill level 5 in Fighting
  3233 | D:5      | Reached skill level 5 in Axes
  3325 | D:5      | Reached XP level 6. HP: 52/56 MP: 5/5
  3810 | D:5      | Reached skill level 5 in Armour
  3810 | D:5      | Reached XP level 7. HP: 29/62 MP: 6/6
  4373 | D:5      | Reached skill level 5 in Dodging
  4621 | D:6      | Noticed a yak
  4621 | D:6      | Noticed a yak
  4649 | D:6      | Noticed a yak
  4651 | D:6      | Noticed a yak
  4659 | D:5      | Killed a yak
  4974 | D:6      | Killed a yak
  4975 | D:6      | Reached XP level 8. HP: 65/71 MP: 7/7
  5264 | D:6      | Noticed a skeletal warrior
  5266 | D:6      | Noticed McGhostyFace's ghost (novice GnWn)
  5267 | D:6      | Found a transporter.
  5275 | D:6      | Found a transporter.
  5275 | D:6      | Noticed a deep elf pyromancer
  5378 | D:6      | Found a staircase to the Ecumenical Temple.
  5662 | D:6      | HP: 3/73 [acid (2)]
  5662 | D:6      | Slain by a jelly

Illustrated notes

Levels and vault maps discovered:
D:1:      dpeg_arrival_houses_and_road, layout_basic
D:2:      layout_basic, serial_curves, eino_curves_04, eino_curves_04
D:3:      layout_loops_cross, serial_shops, shop,
          nicolae_concentric_dashed_squares_wild
D:4:      layout_loops_ring, serial_shops, nicolae_shop_bloodbath_and_beyond,
          supply_closet_lemuel, minmay_shop_grid_forest
D:5:      layout_loops_ring, grunt_ministairs_14,
          minmay_fractal_squares_gapless_5
D:6:      layout_rooms, evilmike_ruin_ashenzari, gammafunk_temple_overflow_wave,
          minmay_temple_entry_junction, gammafunk_ghost_arena,
          chequers_serial_rivers_small_b

Skill      XL: |  1  2  3  4  5  6  7  8 |
---------------+-------------------------+-----
Fighting       | 4 5 6 7 |  7.5
Axes           | 4 5 6 7 |  7.5
Armour         | 3 4 5 6 |  6.9
Dodging        | 3 4 5 6 |  6.3

Action                   |  1- 3 |  4- 6 |  7- 9 || total
-------------------------+-------+-------+-------++-------
Melee: Hand axe          |    60 |    77 |    97 ||   234
       Headbutt          |     5 |    11 |    18 ||    34
       Punch             |       |       |     1 ||     1
Invok: Berserk           |     2 |     4 |     2 ||     8
  Use: Scroll            |       |       |     1 ||     1
 Stab: Sleeping          |     1 |       |       ||     1
Armor: Animal skin       |    10 |    10 |     1 ||    21
       Ring mail         |       |       |    30 ||    30
Dodge: Dodged            |    30 |    52 |    52 ||   134

Table legend: (Time is in decaauts)
 A = Elapsed time spent in this place.
 B = Non-inter-level travel time spent in this place.
 C = Inter-level travel time spent in this place.
 D = Time resting spent in this place.
 E = Time spent auto-exploring this place.
 F = Levels seen in this place.
 G = Mean time per level.
                   A        B        C        D        E       F      G
               +--------+--------+--------+--------+--------+-----+--------+
         Total |   5740 |   5475 |    265 |    757 |   4172 |   6 |  956.7 |
       Dungeon |   5740 |   5475 |    265 |    757 |   4172 |   6 |  956.7 |
               +--------+--------+--------+--------+--------+-----+--------+

Top non-repeatable levels by time:
     D:5: 1840 daAuts
     D:2: 966 daAuts
     D:4: 804 daAuts
     D:3: 802 daAuts
     D:1: 771 daAuts
     D:6: 556 daAuts
